 Dungeon Crawl Stone Soup version 0.30-a0-920-g7493c07aab (webtiles) character file.

Game seed: 3199313487776280463

122279 IdlyInterested the Warrior (level 16, -16/150 HPs)
             Began as a Demonspawn Gladiator on Mar 21, 2023.
             Was a Priest of Trog.
             Shot with an arrow by a deep elf archer (20 damage)
             ... on level 1 of the Elven Halls.
             The game lasted 01:28:44 (23265 turns).

IdlyInterested the Warrior (Demonspawn Gladiator)  Turns: 23265, Time: 01:28:45

Health: -16/150    AC: 22    Str: 16    XL:     16   Next: 34%
Magic:  0/16       EV: 25    Int:  9    God:    Trog [***...]
Gold:   1772       SH: 17    Dex: 30    Spells: 15/15 levels left

rFire   + . .      SeeInvis .    Q - +3 scimitar (flame)
rCold   + . .      Faith    .    M - +1 kite shield of the Lute {Regen+ Dex+3}
rNeg    . . .      Spirit   +    A - +1 leather armour of Kuschy {rF+ rCorr Int+3}
rPois   +          Reflect  .    w - +1 helmet
rElec   .          Rampage  .    (cloak unavailable)
rCorr   +                        B - +2 pair of gloves
Will    +....                    J - +0 pair of boots of a wizard's laboratory {rPois rC+ Int-4}
Stlth   +++                      C - amulet of guardian spirit
HPRegen 2.05/turn                n - +5 ring of evasion
MPRegen 0.15/turn                W - +6 ring of dexterity

@: sanguine armoured, slowed, very slow
A: foul stench 2, robust 1, spiny 3, sanguine armour 2, weakness stinger 3,
regeneration 1, shaggy fur 1, subdued magic 1
a: Renounce Religion, Berserk, Trog's Hand


You were on level 1 of the Elven Halls.
You worshipped Trog.
Trog was most pleased with you.
You visited 5 branches of the dungeon, and saw 24 of its levels.
You visited the Abyss 1 time.
You also visited: Sewer and Gauntlet.

You collected 2306 gold pieces.
You spent 534 gold pieces at shops.

Inventory:

Hand Weapons
 a - a +1 scimitar of freezing
 Q - a +3 scimitar of flaming (weapon)
Missiles
 d - 4 throwing nets
 e - 5 javelins
 h - 93 poisoned darts (quivered)
 u - 4 datura-tipped darts
 v - a silver boomerang
 I - 13 curare-tipped darts
 L - 18 boomerangs
 T - 6 silver javelins
Armour
 b - a +1 robe of resistance
 w - a +1 helmet (worn)
 A - the +1 leather armour of Kuschy (worn) {rF+ rCorr Int+3}
   (You bought it in a shop on level 4 of the Dungeon)

   Int:       It affects your intelligence (+3).
   rF:        It protects you from fire.
   rCorr:     It protects you from acid and corrosion.
 B - a +2 pair of gloves (worn)
 J - the +0 pair of boots of a wizard's laboratory (worn) {rPois rC+ Int-4}
   (You found it in a Gauntlet)

   Int:       It affects your intelligence (-4).
   rC:        It protects you from cold.
   rPois:     It protects you from poison.
 K - a +1 leather armour of positive energy
 M - the +1 kite shield of the Lute (worn) {Regen+ Dex+3}
   (You found it on level 6 of the Dungeon)

   Dex:       It affects your dexterity (+3).
   Regen:     It increases your rate of health regeneration.
 Z - an orb of light
Jewellery
 n - a +5 ring of evasion (left hand)
 t - a ring of fire
 C - an amulet of guardian spirit (around neck)
 D - a ring of ice
 E - a ring of flight
 U - a ring of protection from fire
 W - a +6 ring of dexterity (right hand)
Wands
 i - a wand of roots (20)
 k - a wand of flame (18)
 l - a wand of polymorph (5)
 q - a wand of acid (3)
 x - a wand of paralysis (30)
 F - a wand of mindburst (14)
 O - a wand of digging (6)
Scrolls
 c - 2 scrolls of silence
 f - 4 scrolls of brand weapon
 g - 11 scrolls of teleportation
 o - 4 scrolls of magic mapping
 y - 5 scrolls of fear
 H - 2 scrolls of blinking
 N - 3 scrolls of enchant armour
 S - a scroll of fog
 V - 2 scrolls of enchant weapon
Potions
 j - 7 potions of mutation
 m - a potion of ambrosia
 p - 2 potions of resistance
 r - 2 potions of might
 s - 2 potions of berserk rage
 z - 4 potions of cancellation
 P - 6 potions of curing
 R - 2 potions of haste
 X - 2 potions of heal wounds
Miscellaneous
 G - a piece from Xom's chessboard (15/15)
 Y - a tin of tremorstones (inert)


   Skills:
 * Level 15.6 Fighting
 - Level 14.0 Long Blades
 - Level 4.0 Throwing
 - Level 9.0 Armour
 - Level 9.0 Dodging
 - Level 4.0 Stealth
 - Level 14.0 Shields
 - Level 4.0 Evocations


You had 15 spell levels left.
You didn't know any spells.
Your spell library contained the following spells:

 Spells                   Type           Power      Damage    Failure   Level
 Apportation              Tloc           0%         N/A       61%         1
 Necrotise                Necr           0%         1d4       61%         1
 Summon Small Mammal      Summ           0%         N/A       61%         1
 Sublimation of Blood     Necr           0%         N/A       77%         2
 Wereblood                Tmut           0%         N/A       77%         2
 Call Canine Familiar     Summ           0%         N/A       94%         3
 Frozen Ramparts          Ice            0%         1d1       94%         3
 Portal Projectile        Hex/Tloc       0%         N/A       94%         3
 Summon Guardian Golem    Hex/Summ       0%         N/A       94%         3
 Ice Form                 Ice/Tmut       0%         N/A       100%        4
 Leda's Liquefaction      Hex/Erth       0%         N/A       100%        4
 Passage of Golubria      Tloc           0%         N/A       100%        4
 Summon Ice Beast         Ice/Summ       0%         N/A       100%        4
 Silence                  Hex/Air        0%         N/A       100%        5
 Summon Mana Viper        Hex/Summ       0%         N/A       100%        5
 Yara's Violent Unravell  Hex/Tmut       0%         3d3       100%        5
 Orb of Destruction       Conj           0%         9d5       100%        7
 Spellforged Servitor     Conj/Summ      0%         N/A       100%        7
 Summon Hydra             Summ           0%         N/A       100%        7
 Lehudib's Crystal Spear  Conj/Erth      0%         10d2      100%        8


Dungeon Overview and Level Annotations

Branches:
Dungeon (15/15)            Temple (1/1) D:5            Lair (5/5) D:11
  Swamp (0/4) Lair:2       Spider (0/4) Lair:3        Slime (0/5) Lair:5
    Orc (2/2) D:11            Elf (1/3) Orc:2        Vaults (0/5) D:14
 Depths (0/4) D:15          Sewer (visited)         Gauntlet (visited)

Altars:
Ashenzari
Cheibriados
Dithmenos
Fedhas
Gozag
Hepliaklqana
Kikubaaqudgha
Makhleb
Nemelex Xobeh
Okawaru
Qazlal
Ru
Sif Muna
Trog
Uskayaw
Vehumet
Wu Jian
Xom
Yredelemnul
Jiyva

Shops:
D:4 [   D:10 *   D:11 :   Orc:2 :(?=


Innate Abilities, Weirdness & Mutations

You sometimes emit foul miasma when damaged in melee.
You are robust. (+10% HP)
You are completely covered in sharp spines.
When seriously injured, your blood forms thick armour. (AC +9)
You have a sharp stinger which inflicts weakening toxins.
Your natural rate of healing is unusually fast.
You are covered in fur. (AC +1)
Your spells are a little easier to cast, but a little less powerful.


Message History

The bolt of lightning misses you.
You hear a shout!
The deep elf zephyrmancer attacks as you move away!
The deep elf zephyrmancer completely misses you.
The earth elemental completely misses you.
You barely miss the deep elf zephyrmancer.
The deep elf zephyrmancer is severely wounded.
The deep elf zephyrmancer misses you. The earth elemental misses you.
You hit the deep elf zephyrmancer. You burn the deep elf zephyrmancer.
You tail-slap the deep elf zephyrmancer.
You kill the deep elf zephyrmancer!
Trog accepts your kill.
Trog appreciates your killing of a magic user.
The deep elf archer is no longer weakened.
You slash the earth elemental!
The earth elemental is moderately damaged.
The deep elf archer casts a spell.
The deep elf archer blinks!
The earth elemental hits you!
* * * LOW HITPOINT WARNING * * *
You bump into the rock wall.
The deep elf archer shoots an arrow.
The arrow closely misses you. The earth elemental hits you!!
* * * LOW HITPOINT WARNING * * *
The deep elf archer shoots an arrow.
The arrow hits you.
* * * LOW HITPOINT WARNING * * *
You feel less confused. The earth elemental closely misses you.
The deep elf archer unwields a +0 longbow.
The deep elf archer wields a +0 dagger.
The deep elf archer is struck by your spines.
The deep elf archer hits you with a +0 dagger!
* * * LOW HITPOINT WARNING * * *
You block the earth elemental's attack.
You slash the deep elf archer! You burn the deep elf archer.
The deep elf archer is moderately wounded.
The deep elf archer gestures wildly while chanting.
The deep elf archer blinks!
The deep elf archer unwields a +0 dagger.
The deep elf archer wields a +0 longbow.
The deep elf archer shoots an arrow.
The arrow hits you!!
You die...

.# ##.# #..#
#####.##
#......#
######.8....#
##....'..).).#
#.....)....E@#
#.<.))'.)...ยง#
#..^..'......#
##...))..e...#
######.8....#
#......#
#####.## #.#
#..


You could see a deep elf archer (repels missiles) and an earth elemental.

Vanquished Creatures
  A bone dragon (Abyss:2)
  Jorgrun (D:14)
  2 tentacled starspawn (Abyss:2)
  A minotaur (Gauntlet)
  Josephine (D:14)
  The ghost of Gimmyonatz the Nimble, a journeyman MiFi of Okawaru (Lair:3)
  A vault guard (D:14)
  3 ogre magi (Orc:2)
  A juggernaut simulacrum (Abyss:2)
  9 hydras
  Erolcha (Orc:1)
  Erica (D:8)
  2 catoblepae
  4 centaur warriors
  2 boulder beetles
  2 two-headed ogres
  A tengu warrior (D:14)
  15 death yaks
  A thrashing horror (Abyss:2)
  A deep elf knight (Elf:1)
  Sonja (D:13)
  2 wretched stars (Abyss:2)
  A sixfirhy (Gauntlet)
  A spectral death yak (Lair:3)
  2 deep elf archers (Elf:1)
  2 wizards
  Pikel (D:8)
  5 deep elf pyromancers
  8 orc sorcerers
  4 necromancers
  An orc knight (D:15)
  3 deep elf zephyrmancers
  6 ugly things
  A cyclops (D:12)
  2 wolf spiders (Lair:5)
  25 elephants
  6 manticores
  A centaur zombie (D:15)
  A torpor snail (Lair:5)
  Joseph (Lair:1)
  A naga mage (D:15)
  11 slime creatures
  12 black mambas
  A guardian serpent (Lair:5)
  A smoke demon (Abyss:2)
  An ice statue (Gauntlet)
  7 gargoyles
  11 cane toads
  4 rime drakes
  A tengu conjurer (D:14)
  6 komodo dragons
  A freezing wraith (Abyss:2)
  A yaktaur (D:14)
  10 trolls
  3 kobold demonologists
  17 polar bears
  Prince Ribbit (D:6)
  14 blink frogs
  A queen bee (shapeshifter) (D:13)
  3 hornets
  5 raiju
  A harpy skeleton (D:15)
  6 dream sheep (Lair:3)
  A vampire (D:10)
  Sigmund (D:3)
  A centaur simulacrum (D:15)
  3 large abominations (Abyss:2)
  3 shadows
  8 wraiths
  A ynoxinul (Abyss:2)
  16 wyverns
  28 yaks
  A hog (D:7)
  6 basilisks
  20 humans (D:14)
  4 redbacks
  A catoblepas simulacrum (Lair:3)
  Grum (Lair:1)
  3 steam dragons
  8 wargs
  3 acid dragons
  12 hell hounds (Lair:5)
  20 water moccasins
  A hydra simulacrum (Lair:3)
  2 ice beasts
  3 sky beasts
  16 orc warriors
  17 black bears
  3 boggarts (D:12)
  2 black mamba simulacra (Lair:3)
  12 centaurs
  6 ogres
  A lemure (D:8)
  36 wolves
  21 kobold brigands
  17 bullfrogs
  3 scorpions
  3 gnoll sergeants
  2 wights
  2 small abominations (Abyss:2)
  14 killer bees
  A howler monkey (D:4)
  7 hounds
  A jelly (D:7)
  14 orc priests
  A gnoll bouda (D:5)
  2 sleepcaps
  Ijyb (D:4)
  2 iguanas
  31 orc wizards
  A boggart zombie (D:15)
  13 adders
  13 gnolls
  A shadow imp (D:6)
  15 white imps
  5 ufetubi
  2 worms (D:2)
  4 dart slugs
  62 orcs
  15 ball pythons
  9 endoplasms
  11 giant cockroaches
  7 goblins
  3 hobgoblins
  19 kobolds
  9 quokkas
  5 bats
  7 frilled lizards
  4 rats
811 creatures vanquished.

Vanquished Creatures (others)
  A deep elf knight (Elf:1)
  26 fungi
  55 plants
  2 starspawn tentacles (Abyss:2)
  21 withered plants (Gauntlet)
105 creatures vanquished.

Grand Total: 916 creatures vanquished

Notes
Turn   | Place    | Note
-------+----------+-------------------------------------------
     0 | D:1      | IdlyInterested the Demonspawn Gladiator began the quest for
                  | the Orb.
     0 | D:1      | Reached XP level 1. HP: 16/16 MP: 1/1
    88 | D:1      | Reached skill level 1 in Evocations
    92 | D:1      | Gained mutation: You are partially covered in sharp spines.
                  | [demonic ancestry]
    92 | D:1      | Reached XP level 2. HP: 12/22 MP: 2/2
   502 | D:1      | Reached skill level 1 in Stealth
   739 | D:2      | Noticed Sigmund
   859 | D:2      | Gained mutation: You are mostly covered in sharp spines.
                  | [demonic ancestry]
   859 | D:2      | Reached XP level 3. HP: 27/27 MP: 3/3
  1052 | D:2      | Reached skill level 1 in Armour
  1918 | D:3      | Gained mutation: You have a small tail. [demonic ancestry]
  1918 | D:3      | Reached XP level 4. HP: 32/33 MP: 4/4
  1994 | D:3      | Killed Sigmund
  1995 | D:3      | Reached skill level 3 in Fighting
  1995 | D:3      | Reached skill level 5 in Long Blades
  1995 | D:3      | Reached XP level 5. HP: 8/41 MP: 5/5
  2259 | D:3      | Gained mutation: You have a tail ending in a sharp stinger.
                  | [demonic ancestry]
  2259 | D:3      | Reached XP level 6. HP: 40/47 MP: 6/6
  2641 | D:4      | Reached skill level 1 in Shields
  2761 | D:4      | Noticed Ijyb
  2771 | D:4      | Killed Ijyb
  3068 | D:4      | Found Gaucogre's Antique Armour Emporium.
  3264 | D:4      | Reached XP level 7. HP: 52/52 MP: 7/7
  3538 | D:4      | Bought a smoking leather armour for 175 gold pieces
  3538 | D:4      | Identified the +1 leather armour of Kuschy {rF+ rCorr
                  | Int+3} (You bought it in a shop on level 4 of the Dungeon)
  3609 | D:5      | Entered Level 5 of the Dungeon
  3610 | D:5      | Found a staircase to the Ecumenical Temple.
  3775 | D:5      | Found a glowing drain.
  3785 | D:5      | Reached skill level 4 in Fighting
  3840 | Sewer    | Entered a sewer
  4189 | D:5      | Gained mutation: Your spells are a little easier to cast,
                  | but a little less powerful. [potion of mutation]
  4189 | D:5      | Gained mutation: You are covered in fur. (AC +1) [potion of
                  | mutation]
  4189 | D:5      | Gained mutation: Your natural rate of healing is unusually
                  | fast. [potion of mutation]
  4454 | D:5      | Gained mutation: You may rarely emit foul miasma when
                  | damaged in melee. [demonic ancestry]
  4454 | D:5      | Reached XP level 8. HP: 53/60 MP: 8/8
  4604 | Temple   | Entered the Ecumenical Temple
  4840 | D:6      | Noticed Prince Ribbit
  4846 | D:6      | Killed Prince Ribbit
  5376 | D:6      | Got the Vademecum on the Curse
  5735 | D:6      | Identified the +1 kite shield of the Lute {Regen+ Dex+3}
  6029 | D:7      | Noticed a hornet
  6036 | D:7      | Paralysed by a hornet for 2 turns
  6046 | D:7      | Killed a hornet
  6047 | D:7      | Reached XP level 9. HP: 62/65 MP: 9/9
  6293 | D:4      | Bought a shiny ring mail for 175 gold pieces
  6412 | D:7      | Found a huge runed translucent gate.
  6412 | D:7      | Noticed a polar bear
  6414 | D:7      | Found a huge runed translucent gate.
  6415 | D:7      | Found a huge runed translucent gate.
  6415 | D:7      | Noticed a polar bear
  6415 | D:7      | Noticed a polar bear
  6416 | D:7      | Found a huge runed translucent gate.
  6416 | D:7      | Noticed a manticore
  6416 | D:7      | Noticed a polar bear
  6416 | D:7      | Noticed a polar bear
  6416 | D:7      | Noticed a polar bear
  6416 | D:7      | Noticed a polar bear
  6515 | D:7      | Found a shimmering altar of Xom.
  6517 | D:7      | Found a shimmering altar of Xom.
  6517 | D:7      | Found a shimmering altar of Xom.
  6517 | D:7      | Found a shimmering altar of Xom.
  6944 | D:7      | Noticed a lindwurm
  7179 | D:7      | Killed a manticore
  7180 | D:7      | Reached skill level 10 in Long Blades
  7192 | D:7      | Killed a polar bear
  7194 | D:7      | Killed a polar bear
  7195 | D:7      | Reached skill level 5 in Fighting
  7213 | D:7      | Killed a polar bear
  7214 | D:7      | Gained mutation: You are completely covered in sharp
                  | spines. [demonic ancestry]
  7214 | D:7      | Reached XP level 10. HP: 64/74 MP: 10/10
  7229 | D:7      | Reached skill level 6 in Fighting
  7245 | D:7      | Reached skill level 5 in Shields
  7297 | D:8      | Noticed Pikel
  7315 | D:8      | Killed Pikel
  7363 | D:8      | Noticed Erica
  7381 | D:8      | Killed Erica
  7393 | D:7      | Noticed a radroach
  7449 | D:7      | Noticed a faun
  7482 | D:8      | Reached skill level 7 in Fighting
  7933 | D:8      | Found a sacrificial altar of Ru.
  8314 | D:9      | Gained mutation: You have a sharp stinger which inflicts
                  | weakening toxins. [demonic ancestry]
  8314 | D:9      | Reached XP level 11. HP: 85/85 MP: 11/11
  8621 | D:9      | Reached skill level 8 in Fighting
  8952 | D:10     | Entered Level 10 of the Dungeon
  9223 | D:4      | Bought an embroidered robe for 92 gold pieces
  9223 | D:4      | Bought a glowing robe for 92 gold pieces
  9327 | D:10     | Found Nomet's Demolitions Depot.
  9345 | D:10     | Noticed a two-headed ogre
  9351 | D:10     | Killed a two-headed ogre
 10111 | D:11     | Found Teveu's Book Boutique.
 10116 | D:11     | Reached skill level 5 in Armour
 10167 | D:11     | Found a gate leading to a gauntlet.
 10176 | Gauntlet | Entered a Gauntlet
 10176 | Gauntlet | Noticed a sixfirhy
 10176 | Gauntlet | Found a transporter.
 10176 | Gauntlet | Found a transporter.
 10177 | Gauntlet | Found a transporter.
 10177 | Gauntlet | Found a transporter.
 10180 | Gauntlet | Found a transporter.
 10188 | Gauntlet | Noticed a reaper
 10231 | Gauntlet | Found a transporter.
 10252 | Gauntlet | Found a transporter.
 10284 | Gauntlet | Found a transporter.
 10319 | Gauntlet | Found a transporter.
 10324 | Gauntlet | Noticed a catoblepas
 10325 | Gauntlet | Noticed a necromancer
 10326 | Gauntlet | Found a transporter.
 10371 | Gauntlet | Found a transporter.
 10396 | Gauntlet | Found a transporter.
 10437 | Gauntlet | Killed a sixfirhy
 10442 | Gauntlet | Identified the +0 pair of boots of a wizard's laboratory
                  | {rPois rC+ Int-4}
 10472 | Gauntlet | Killed a catoblepas
 10509 | Gauntlet | Identified the +1 cloak of Protective Custody {Str+4}
 10630 | Gauntlet | Reached XP level 12. HP: 90/92 MP: 12/12
 10712 | Gauntlet | Reached skill level 5 in Dodging
 10846 | Gauntlet | Identified the staff of death "Ohigh" {*Slow rPois rN+
                  | Will+ MP+9}
 10846 | Gauntlet | Noticed a minotaur
 10853 | Gauntlet | Killed a minotaur
 11027 | D:11     | Found a staircase to the Lair.
 11307 | D:11     | Found a staircase to the Orcish Mines.
 12099 | D:12     | Found a transporter.
 12916 | D:13     | Reached skill level 9 in Fighting
 12935 | D:13     | Noticed a centaur warrior
 12943 | D:13     | Killed a centaur warrior
 12974 | D:13     | Noticed a two-headed ogre
 12984 | D:13     | Killed a two-headed ogre
 13029 | D:13     | Noticed a boulder beetle
 13041 | D:13     | Killed a boulder beetle
 13065 | D:13     | Noticed a catoblepas
 13074 | D:13     | Killed a catoblepas
 13075 | D:13     | Reached skill level 10 in Fighting
 13106 | D:13     | Noticed a centaur warrior
 13107 | D:13     | Noticed Sonja
 13110 | D:13     | Killed a centaur warrior
 13111 | D:13     | Gained mutation: When seriously injured, your blood forms
                  | armour. (AC +9) [demonic ancestry]
 13111 | D:13     | Reached XP level 13. HP: 92/103 MP: 13/13
 13129 | D:13     | Killed Sonja
 13900 | D:14     | You fall into a shaft and drop 1 floor!
 13900 | D:15     | Entered Level 15 of the Dungeon
 14134 | D:14     | Reached skill level 10 in Shields
 14212 | D:14     | Noticed Josephine
 14226 | D:14     | Killed Josephine
 14452 | D:14     | Noticed Jorgrun
 14478 | D:14     | Killed Jorgrun
 14716 | D:14     | Found a gate to the Vaults.
 14729 | D:14     | Reached skill level 11 in Fighting
 15212 | Abyss:2  | Cast into level 2 of the Abyss (a wizard)
 15245 | Abyss:2  | Noticed a tentacled starspawn
 15255 | Abyss:2  | Killed a tentacled starspawn
 15363 | Abyss:2  | Reached skill level 12 in Fighting
 15389 | Abyss:2  | Noticed a bone dragon
 15395 | Abyss:2  | Gained mutation: You are robust. (+10% HP) [demonic
                  | ancestry]
 15395 | Abyss:2  | Reached XP level 14. HP: 103/103 MP: 12/14
 15412 | Abyss:2  | Killed a bone dragon
 15492 | Abyss:2  | Noticed a tentacled starspawn
 15502 | Abyss:2  | Killed a tentacled starspawn
 15518 | D:15     | Escaped the Abyss
 15583 | D:15     | Found a staircase to the Depths.
 15917 | D:15     | Identified the +3 dagger "Qexein" {chaos, rN+ Stlth+}
 16230 | Lair:1   | Entered Level 1 of the Lair of Beasts
 16304 | Lair:1   | Noticed Joseph
 16316 | Lair:1   | Killed Joseph
 16606 | Lair:1   | Noticed Grum
 16621 | Lair:1   | Killed Grum
 17649 | Lair:2   | Found a staircase to the Swamp.
 18698 | Lair:3   | Reached skill level 13 in Fighting
 18698 | Lair:3   | Gained mutation: When seriously injured, your blood forms
                  | thick armour. (AC +9) [demonic ancestry]
 18698 | Lair:3   | Reached XP level 15. HP: 89/135 MP: 8/15
 18960 | Lair:3   | Found a runed translucent gate.
 18960 | Lair:3   | Found a runed translucent gate.
 18961 | Lair:3   | Found a runed translucent gate.
 19034 | Lair:3   | Found a hole to the Spider Nest.
 19250 | Lair:3   | Noticed Gimmyonatz's ghost (journeyman MiFi)
 19273 | Lair:3   | Killed Gimmyonatz's ghost
 19451 | Lair:4   | Reached skill level 14 in Fighting
 19545 | Lair:4   | Found a hazy altar of Hepliaklqana.
 19793 | Lair:4   | Identified the +0 ring mail "Bakus" {Str+2}
 20150 | Lair:5   | Entered Level 5 of the Lair of Beasts
 20181 | Lair:5   | Found a viscous altar of Jiyva.
 20254 | Lair:5   | Found a staircase to the Slime Pits.
 21216 | Lair:5   | Gained mutation: You sometimes emit foul miasma when
                  | damaged in melee. [demonic ancestry]
 21216 | Lair:5   | Reached XP level 16. HP: 146/146 MP: 13/16
 21636 | Temple   | Became a worshipper of Trog the Wrathful
 21805 | Orc:1    | Entered Level 1 of the Orcish Mines
 21940 | Orc:2    | Entered Level 2 of the Orcish Mines
 21940 | Orc:2    | Found a staircase to the Elven Halls.
 22201 | Orc:1    | Noticed Erolcha
 22209 | Orc:1    | Killed Erolcha
 22211 | Orc:1    | Reached * piety under Trog
 22652 | Orc:2    | Found an ancient bone altar of Kikubaaqudgha.
 22660 | Orc:2    | Reached ** piety under Trog
 22701 | Orc:2    | Reached skill level 15 in Fighting
 22725 | Orc:2    | Found a radiant altar of Vehumet.
 22736 | Orc:2    | Found Wiuxaxeb's Magic Scroll Boutique.
 22791 | Orc:2    | Found Emaucup's Antique Weapon Shop.
 22797 | Orc:2    | Paralysed by an orc sorcerer for 2 turns
 22799 | Orc:2    | Found Odats's Jewellery Boutique.
 22853 | Orc:2    | Reached *** piety under Trog
 22867 | Orc:2    | Found Tioc's Book Shop.
 23225 | Elf:1    | Entered Level 1 of the Elven Halls
 23262 | Elf:1    | HP: 7/150 [earth elemental (20)]
 23262 | Elf:1    | HP: 2/150 [deep elf archer/arrow (5)]
 23265 | Elf:1    | Shot with an arrow by a deep elf archer

Illustrated notes

Levels and vault maps discovered:
D:1:      elethiomel_arrival_maze, layout_basic
D:2:      layout_basic, st_stairs_14, uniq_sigmund
D:3:      layout_basic
D:4:      layout_loops_ring, serial_shops, shop, uniq_ijyb
D:5:      layout_basic, minmay_temple_entry_junction_2,
          cheibrodos_sewer_entry_drain
D:6:      layout_layer_cave, hellmonk_bongcloud_opening, uniq_prince_ribbit1
D:7:      lemuel_bear_cage, layout_basic, xom_shifter_show
D:8:      layout_loops_ring, nicolae_ru_the_path_less_chosen, uniq_erica,
          uniq_pikel
D:9:      layout_gridville
D:10:     layout_roguey [special_room_kobold], hex_large, st_stairs_11,
          nicolae_blasting_shop, nzn_life_drinkers
D:11:     layout_loops_ring, due_lair_maze_entry_diamond,
          gauntlet_entry_generic, portal_ice_cave_entry_imps, serial_aquarium,
          aquarium_bridge_straight [aquarium_subvault_bridge,
          aquarium_subvault_window, aquarium_subvault_bridge,
          aquarium_subvault_wall], aquarium_window_corridor_2,
          aquarium_window_fake, aquarium_window_corner, aquarium_window_corner,
          aquarium_view_2c, aquarium_pool_side, nicolae_stop_n_shop_2
D:12:     layout_loops_corners, nicolae_diode_basic
D:13:     layout_layer_cave, uniq_sonja
D:14:     layout_small_grid, grunt_vaults_entry_tiered,
          hangedman_decor_riveting, uniq_jorgrun, uniq_josephine
D:15:     grunt_enter_depths_magical_seal, layout_loops_cross,
          minmay_misc_feat_alley, serial_glass, glass_columns_a,
          glass_columns_a, glass_columns_a, nicolae_figureground_pulse
Temple:   nicolae_temple_bog_church
Lair:1:   layout_cave_pods, lemuel_fruit_tree, serial_bayou_shore_b, uniq_grum,
          uniq_joseph
Lair:2:   layout_chaotic_city, swamp_mist, grunt_megastairs_2
Lair:3:   layout_roguey, spider_nest_entry_webs, gammafunk_ghost_necromancy,
          lemuel_fruit_fields
Lair:4:   layout_roguey, basic_altar, dreamdust_mushroom_princess,
          serial_bayou_shore_b, infiniplex_staircase_pool
Lair:5:   hangedman_lair_caniforms_friends, layout_hall_layers,
          hangedman_lair_tendril_chambers, slime_entry_1
Orc:1:    layout_caves, uniq_erolcha
Orc:2:    kennysheep_orc_mage_school, layout_diamond_mine, minmay_orc_keep
Elf:1:    eino_elf_arrival_the_gate, layout_geoelf_grid, serial_corexii_hall,
          corexii_hall_statues_x, corexii_hall_statues_i, serial_shops,
          nicolae_shop_advertising_works [nicolae_subvault_shop_adworks],
          minmay_elf_sorcery

Skill      XL: |  1  2  3  4  5  6  7  8  9 10 11 12 13 14 15 16 |
---------------+-------------------------------------------------+-----
Evocations     | 1 2 3 4 |  4.0
Long Blades    | 3 5 7 9 10 11 12 13 14 | 14.0
Throwing       | 2 3 4 |  4.0
Stealth        | 1 2 3 4 |  4.0
Dodging        | 3 4 6 7 8 9 |  9.0
Armour         | 1 4 6 7 8 9 |  9.0
Fighting       | 3 4 5 7 8 10 12 13 14 15 | 15.6
Shields        | 2 3 4 6 8 10 12 14 | 14.0

Action                     |  1- 3 |  4- 6 |  7- 9 | 10-12 | 13-15 | 16-18 || total
---------------------------+-------+-------+-------+-------+-------+-------++-------
  Melee: Long sword        |    77 |    61 |   185 |    75 |       |       ||   398
         Tailslap          |       |     4 |    26 |    96 |   248 |    32 ||   406
         Punch             |       |     2 |       |       |       |       ||     2
         Scimitar          |       |       |       |   448 |  1147 |   179 ||  1774
  Throw: Dart              |       |     4 |     1 |    16 |    20 |       ||    41
         Javelin           |       |       |     4 |     3 |       |       ||     7
         Throwing net      |       |       |       |     1 |       |       ||     1
         Stone             |       |       |       |       |     3 |       ||     3
  Evoke: Wand              |       |       |     1 |     1 |     3 |       ||     5
         Tin of tremorston |       |       |       |       |       |     2 ||     2
    Use: Scroll            |     3 |     7 |     8 |     6 |     1 |       ||    25
         Potion            |     2 |     1 |     6 |     1 |     3 |     1 ||    14
   Stab: Sleeping          |     2 |       |     5 |    10 |    19 |     7 ||    43
         Distracted        |       |       |       |     2 |     5 |       ||     7
 Armour: Leather armour    |    22 |       |    23 |    22 |   167 |    14 ||   248
         Scale mail        |     3 |     1 |       |       |       |       ||     4
         Chain mail        |       |    16 |     1 |       |       |       ||    17
         Ring mail         |       |       |    31 |    61 |       |       ||    92
  Dodge: Dodged            |    38 |    36 |   159 |   197 |   793 |   104 ||  1327
  Block: Kite shield       |       |       |    62 |   278 |   976 |   131 ||  1447

Table legend: (Time is in decaauts)
 A = Elapsed time spent in this place.
 B = Non-inter-level travel time spent in this place.
 C = Inter-level travel time spent in this place.
 D = Time resting spent in this place.
 E = Time spent auto-exploring this place.
 F = Levels seen in this place.
 G = Mean time per level.
                   A        B        C        D        E       F      G
               +--------+--------+--------+--------+--------+-----+--------+
         Total |  23219 |  19251 |   3968 |    995 |  11615 |  27 |  860.0 |
       Dungeon |  15874 |  12451 |   3423 |    650 |   8195 |  15 | 1058.3 |
        Temple |    153 |    119 |     34 |      0 |    102 |   1 |  153.0 |
          Lair |   4523 |   4079 |    444 |     78 |   2514 |   5 |  904.6 |
  Orcish Mines |   1389 |   1324 |     65 |    100 |    605 |   2 |  694.5 |
   Elven Halls |     49 |     49 |      0 |      0 |      3 |   1 |   49.0 |
         Abyss |    294 |    294 |      0 |      0 |    162 |   1 |  294.0 |
         Sewer |    210 |    210 |      0 |      0 |     34 |   1 |  210.0 |
      Gauntlet |    724 |    724 |      0 |    166 |      0 |   1 |  724.0 |
               +--------+--------+--------+--------+--------+-----+--------+

Top non-repeatable levels by time:
     D:6: 1504 daAuts
     D:7: 1339 daAuts
     D:4: 1243 daAuts
  Lair:5: 1166 daAuts
    D:14: 1124 daAuts
     D:2: 1095 daAuts
    D:12: 1067 daAuts
    D:11: 1062 daAuts
   Orc:2: 1060 daAuts
    D:13: 991 daAuts
     D:5: 964 daAuts
    D:10: 956 daAuts
     D:3: 955 daAuts
     D:1: 939 daAuts
     D:8: 909 daAuts
